General information
- name: BNet
- type: Ladder team game (AT/RT)
- host: Battle.net
- saver: TheDeadWeather
map: FullScaleAssault
- players: 8
- length: 46:33
- speed: Fast
- version: 1.26 W3XP
- replay type: Public
» download(273 KB)
Players
team 1 (loser)
1mba. (
red | 40 APM | 1837 actions | 46:21)
6 Demon Hunter
2 Immolation
3 Mana Burn
1 Metamorphosis
» actions
| Assign group hotkey | 62 | |
| Basic commands | 2 | |
| Build / train | 93 | |
| ESC pressed | 3 | |
| Enter build submenu | 19 | |
| Enter hero's abilities submenu | 6 | |
| Give item / drop item | 1 | |
| Right click | 1054 | |
| Select / deselect | 226 | |
| Select group hotkey | 287 | |
| Use ability | 83 | |
1837 total
» units
| Wisp | 33 | |
| Druid of the Claw | 7 | |
| Dryad | 16 | |
| Blue Drake | 1 | |
57 total
» upgrades
| Strength of the Wild | 3 | |
| Abolish Magic | 1 | |
| Druid of the Claw Training | 2 | |
| Well Spring | 1 | |
| Mark of the Claw | 1 | |
| Hardened Skin | 1 | |
| Ultravision | 1 | |
| Reinforced Hides | 3 | |
| Nature's Blessing | 1 | |
14 total
» buildings
| Hunter's Hall | 1 | |
| Moon Well | 8 | |
| Altar of Elders | 1 | |
| Ancient of Wonders | 2 | |
| Tree of Ages | 1 | |
| Tree of Eternity | 1 | |
| Ancient of Lore | 2 | |
| Tree of Life | 2 | |
| Ancient of Wind | 3 | |
21 total
» build order
00:15 Hunter's Hall
00:16 Moon Well
01:38 Altar of Elders
01:49 Moon Well
02:05 Ancient of Wonders
02:54 Tree of Ages
03:02 Moon Well
03:12 Moon Well
05:17 Tree of Eternity
05:37 Ancient of Lore
05:38 Ancient of Lore
08:57 Moon Well
09:04 Moon Well
12:54 Moon Well
12:55 Moon Well
16:29 Tree of Life
18:29 Tree of Life
20:35 Ancient of Wind
20:35 Ancient of Wind
20:36 Ancient of Wind
26:33 Ancient of Wonders
» items
| Boots of Speed | 1 | |
| Orb of Venom | 1 | |
| Anti-magic Potion | 6 | |
| Scroll of Town Portal | 2 | |
10 total
TheDeadWeather (
purple | 44 APM | 2063 actions | 46:33)
6 Archmage
3 Summon Water Elemental
2 Brilliance Aura
1 Mass Teleport
» actions
| Assign group hotkey | 23 | |
| Basic commands | 128 | |
| Build / train | 85 | |
| Enter build submenu | 59 | |
| Enter hero's abilities submenu | 6 | |
| Give item / drop item | 8 | |
| Remove unit from queue | 4 | |
| Right click | 664 | |
| Select / deselect | 390 | |
| Select group hotkey | 524 | |
| Use ability | 171 | |
2063 total
» units
| Peasant | 14 | |
| Footman | 5 | |
| Goblin Shredder | 2 | |
| Goblin Zeppelin | 3 | |
| Gryphon Rider | 9 | |
| Blue Dragon | 4 | |
| Goblin Sapper | 6 | |
43 total
» upgrades
| Masonry | 3 | |
| Storm Hammers | 1 | |
| Animal War Training | 1 | |
| Swords | 3 | |
| Armor | 4 | |
| Cloud | 1 | |
13 total
» buildings
| Altar of Kings | 1 | |
| Barracks | 1 | |
| Farm | 7 | |
| Arcane Vault | 1 | |
| Keep | 3 | |
| Lumber Mill | 1 | |
| Town Hall | 6 | |
| Scout Tower | 57 | |
| Castle | 1 | |
| Guard Tower | 11 | |
| Gryphon Aviary | 6 | |
| Blacksmith | 2 | |
97 total
» build order
00:41 Altar of Kings
00:42 Barracks
00:52 Farm
00:55 Farm
01:05 Farm
01:34 Farm
03:22 Arcane Vault
03:32 Keep
03:32 Keep
04:15 Lumber Mill
04:19 Town Hall
05:56 Farm
06:10 Scout Tower
06:11 Scout Tower
06:11 Scout Tower
06:11 Scout Tower
06:12 Scout Tower
06:14 Scout Tower
06:19 Castle
07:26 Guard Tower
08:22 Gryphon Aviary
08:23 Gryphon Aviary
08:24 Gryphon Aviary
08:25 Gryphon Aviary
09:08 Blacksmith
09:11 Blacksmith
11:32 Scout Tower
11:33 Scout Tower
11:34 Scout Tower
11:35 Scout Tower
11:37 Scout Tower
11:37 Scout Tower
11:37 Scout Tower
11:38 Scout Tower
11:41 Scout Tower
11:42 Scout Tower
11:43 Scout Tower
11:43 Scout Tower
11:45 Scout Tower
11:46 Scout Tower
11:48 Scout Tower
11:48 Scout Tower
13:22 Guard Tower
13:25 Guard Tower
16:20 Town Hall
16:24 Scout Tower
16:24 Scout Tower
16:24 Scout Tower
16:25 Scout Tower
16:26 Scout Tower
16:27 Scout Tower
16:27 Scout Tower
16:27 Scout Tower
16:28 Scout Tower
16:29 Scout Tower
16:29 Scout Tower
16:30 Scout Tower
17:47 Town Hall
17:50 Town Hall
17:54 Scout Tower
17:54 Scout Tower
17:55 Scout Tower
17:55 Scout Tower
17:58 Scout Tower
18:00 Scout Tower
18:01 Scout Tower
18:01 Scout Tower
18:02 Scout Tower
18:02 Scout Tower
18:03 Scout Tower
18:04 Scout Tower
18:05 Scout Tower
19:10 Guard Tower
19:53 Guard Tower
21:18 Gryphon Aviary
21:21 Gryphon Aviary
25:08 Farm
25:12 Farm
31:44 Town Hall
33:02 Scout Tower
33:02 Scout Tower
33:02 Scout Tower
33:03 Scout Tower
33:05 Scout Tower
33:05 Scout Tower
34:24 Guard Tower
34:26 Guard Tower
34:27 Guard Tower
34:27 Guard Tower
36:17 Town Hall
36:19 Scout Tower
36:20 Scout Tower
36:21 Scout Tower
36:23 Scout Tower
42:14 Guard Tower
» items
| Scroll of Regeneration | 2 | |
| Staff of Teleportation | 1 | |
3 total

»
w8ing4game (
yellow | 40 APM | 1364 actions | 33:57)
6 Death Knight
2 Death Coil
3 Unholy Aura
1 Animate Dead
6 Lich
3 Frost Nova
2 Frost Armor
1 Death and Decay
» actions
| Assign group hotkey | 24 | |
| Basic commands | 126 | |
| Build / train | 77 | |
| Enter build submenu | 28 | |
| Enter hero's abilities submenu | 12 | |
| Give item / drop item | 2 | |
| Remove unit from queue | 5 | |
| Right click | 415 | |
| Select / deselect | 261 | |
| Select group hotkey | 353 | |
| Use ability | 61 | |
1364 total
» units
| Acolyte | 18 | |
| Ghoul | 9 | |
| Gargoyle | 14 | |
| Blue Drake | 1 | |
| Frost Wyrm | 3 | |
45 total
» upgrades
| Creature Attack | 3 | |
| Creature Carapace | 3 | |
| Freezing Breath | 1 | |
| Web | 1 | |
8 total
» buildings
| Ziggurat | 11 | |
| Altar of Darkness | 1 | |
| Crypt | 1 | |
| Nerubian Tower | 1 | |
| Graveyard | 1 | |
| Tomb of Relics | 1 | |
| Halls of the Dead | 1 | |
| Black Citadel | 1 | |
| Sacrificial Pit | 1 | |
| Boneyard | 3 | |
| Spirit Tower | 2 | |
| Necropolis | 1 | |
25 total
» build order
00:08 Ziggurat
00:09 Altar of Darkness
00:15 Crypt
01:29 Ziggurat
01:30 Ziggurat
02:17 Nerubian Tower
02:37 Graveyard
05:51 Tomb of Relics
05:55 Halls of the Dead
08:36 Ziggurat
08:41 Ziggurat
08:42 Ziggurat
08:43 Ziggurat
09:30 Black Citadel
09:33 Sacrificial Pit
12:34 Boneyard
12:36 Boneyard
12:37 Boneyard
16:20 Spirit Tower
28:43 Ziggurat
28:44 Ziggurat
30:26 Spirit Tower
31:13 Necropolis
32:33 Ziggurat
32:34 Ziggurat

»
agentknox666 (
blue | 63 APM | 2829 actions | 44:56)
7 Death Knight
3 Death Coil
3 Unholy Aura
1 Animate Dead
6 Lich
2 Frost Nova
3 Frost Armor
1 Death and Decay
3 Dreadlord
1 Vampiric Aura
2 Sleep
» actions
| Basic commands | 6 | |
| Build / train | 240 | |
| Enter build submenu | 56 | |
| Enter hero's abilities submenu | 17 | |
| Give item / drop item | 3 | |
| Remove unit from queue | 7 | |
| Right click | 1676 | |
| Select / deselect | 713 | |
| Use ability | 110 | |
2829 total
» units
| Acolyte | 19 | |
| Ghoul | 12 | |
| Crypt Fiend | 30 | |
| Gargoyle | 6 | |
| Blue Dragon Whelp | 5 | |
| Frost Wyrm | 18 | |
| Blue Drake | 5 | |
95 total
» upgrades
| Creature Attack | 3 | |
| Creature Carapace | 3 | |
| Web | 1 | |
| Freezing Breath | 1 | |
8 total
» buildings
| Altar of Darkness | 2 | |
| Ziggurat | 24 | |
| Crypt | 4 | |
| Graveyard | 1 | |
| Nerubian Tower | 45 | |
| Tomb of Relics | 3 | |
| Spirit Tower | 14 | |
| Halls of the Dead | 5 | |
| Sacrificial Pit | 2 | |
| Black Citadel | 5 | |
| Boneyard | 2 | |
| Necropolis | 1 | |
108 total
» build order
00:09 Altar of Darkness
00:18 Ziggurat
00:44 Crypt
01:06 Graveyard
01:15 Nerubian Tower
01:16 Nerubian Tower
01:16 Nerubian Tower
01:34 Ziggurat
02:00 Tomb of Relics
02:34 Spirit Tower
02:35 Spirit Tower
02:35 Spirit Tower
03:14 Ziggurat
03:36 Crypt
03:56 Crypt
04:10 Spirit Tower
04:41 Halls of the Dead
04:41 Halls of the Dead
04:41 Halls of the Dead
05:43 Ziggurat
06:35 Ziggurat
06:37 Nerubian Tower
06:37 Nerubian Tower
06:37 Nerubian Tower
07:16 Sacrificial Pit
09:45 Nerubian Tower
09:45 Nerubian Tower
09:46 Nerubian Tower
10:15 Black Citadel
10:16 Black Citadel
10:16 Black Citadel
11:09 Ziggurat
11:18 Sacrificial Pit
11:27 Ziggurat
12:02 Nerubian Tower
12:02 Nerubian Tower
12:03 Nerubian Tower
12:25 Nerubian Tower
12:25 Nerubian Tower
12:26 Nerubian Tower
12:47 Boneyard
12:52 Ziggurat
13:17 Ziggurat
13:19 Boneyard
14:45 Spirit Tower
14:46 Spirit Tower
15:04 Tomb of Relics
15:46 Ziggurat
16:47 Ziggurat
16:49 Nerubian Tower
16:49 Nerubian Tower
16:50 Nerubian Tower
17:53 Ziggurat
17:57 Necropolis
18:51 Ziggurat
20:00 Nerubian Tower
20:00 Nerubian Tower
20:00 Nerubian Tower
20:12 Nerubian Tower
20:12 Nerubian Tower
20:13 Nerubian Tower
20:13 Nerubian Tower
21:53 Ziggurat
22:35 Ziggurat
22:40 Ziggurat
22:56 Spirit Tower
23:09 Ziggurat
23:43 Spirit Tower
23:43 Spirit Tower
24:03 Nerubian Tower
37:46 Ziggurat
37:49 Ziggurat
38:31 Ziggurat
38:46 Nerubian Tower
38:47 Spirit Tower
39:44 Spirit Tower
41:46 Crypt
41:50 Altar of Darkness
42:00 Tomb of Relics
43:23 Ziggurat
43:26 Ziggurat
43:28 Ziggurat
43:31 Ziggurat
44:28 Nerubian Tower
44:28 Nerubian Tower
» items
team 2 (winner)
CutYouDown (
pink | 85 APM | 3949 actions | 46:33)
8 Archmage
2 Summon Water Elemental
3 Brilliance Aura
2 Blizzard
1 Mass Teleport
6 Mountain King
3 Storm Bolt
2 Thunder Clap
1 Avatar
» actions
| Assign group hotkey | 81 | |
| Basic commands | 124 | |
| Build / train | 253 | |
| ESC pressed | 3 | |
| Enter build submenu | 77 | |
| Enter hero's abilities submenu | 15 | |
| Give item / drop item | 6 | |
| Right click | 1345 | |
| Select / deselect | 657 | |
| Select group hotkey | 1057 | |
| Use ability | 331 | |
3949 total
» units
| Peasant | 25 | |
| Footman | 10 | |
| Goblin Shredder | 3 | |
| Goblin Zeppelin | 32 | |
| Blue Dragon | 7 | |
| Sorceress | 1 | |
| Goblin Sapper | 8 | |
| Dragonhawk Rider | 2 | |
| Flying Machine | 1 | |
| Gryphon Rider | 1 | |
| Knight | 1 | |
| Siege Engine | 1 | |
92 total
» upgrades
| Masonry | 3 | |
| Lumber Harvesting | 2 | |
| Swords | 3 | |
| Armor | 3 | |
| Backpack | 1 | |
| Animal War Training | 1 | |
| Cloud | 1 | |
| Storm Hammers | 1 | |
| Plating | 3 | |
| Gunpowder | 3 | |
| Sorceress Training | 2 | |
| Flak Cannons | 1 | |
| Flying Machine Bombs | 1 | |
| Barrage | 1 | |
| Fragmentation Shards | 1 | |
| Flare | 1 | |
| Priest Training | 2 | |
| Control Magic | 1 | |
31 total
» buildings
| Altar of Kings | 1 | |
| Barracks | 1 | |
| Farm | 8 | |
| Arcane Vault | 1 | |
| Town Hall | 6 | |
| Keep | 3 | |
| Lumber Mill | 1 | |
| Scout Tower | 70 | |
| Blacksmith | 1 | |
| Guard Tower | 65 | |
| Castle | 3 | |
| Gryphon Aviary | 4 | |
| Arcane Sanctum | 2 | |
| Workshop | 4 | |
170 total
» build order
00:53 Altar of Kings
00:54 Barracks
00:55 Farm
01:07 Farm
01:15 Farm
01:40 Farm
01:47 Farm
02:08 Arcane Vault
02:34 Farm
04:14 Town Hall
04:35 Keep
04:35 Keep
04:36 Keep
06:01 Lumber Mill
06:14 Town Hall
06:35 Scout Tower
06:36 Scout Tower
06:38 Scout Tower
06:39 Blacksmith
07:18 Guard Tower
07:19 Guard Tower
07:19 Guard Tower
07:19 Guard Tower
08:37 Castle
08:38 Castle
08:38 Castle
08:45 Scout Tower
08:46 Scout Tower
08:47 Scout Tower
08:48 Scout Tower
09:18 Guard Tower
10:15 Scout Tower
10:16 Scout Tower
10:17 Scout Tower
10:18 Scout Tower
10:20 Scout Tower
10:51 Guard Tower
10:56 Scout Tower
10:57 Scout Tower
10:58 Scout Tower
10:59 Scout Tower
11:10 Guard Tower
11:11 Guard Tower
11:11 Guard Tower
11:59 Guard Tower
11:59 Guard Tower
12:18 Farm
12:38 Town Hall
12:39 Scout Tower
12:41 Scout Tower
12:42 Scout Tower
12:44 Scout Tower
12:50 Town Hall
12:53 Scout Tower
12:54 Scout Tower
12:55 Scout Tower
12:56 Scout Tower
12:57 Scout Tower
12:58 Scout Tower
12:59 Scout Tower
13:03 Scout Tower
13:04 Scout Tower
13:05 Scout Tower
13:23 Guard Tower
13:24 Guard Tower
13:24 Guard Tower
14:09 Guard Tower
14:09 Guard Tower
14:25 Guard Tower
14:25 Guard Tower
14:26 Guard Tower
14:58 Gryphon Aviary
14:59 Gryphon Aviary
15:00 Gryphon Aviary
15:01 Gryphon Aviary
15:08 Scout Tower
15:09 Scout Tower
15:10 Scout Tower
17:09 Farm
18:26 Guard Tower
18:26 Guard Tower
19:50 Town Hall
19:51 Scout Tower
19:52 Scout Tower
19:53 Scout Tower
19:54 Scout Tower
19:55 Scout Tower
19:57 Scout Tower
19:57 Scout Tower
19:58 Scout Tower
20:00 Scout Tower
20:00 Scout Tower
20:01 Scout Tower
20:02 Scout Tower
20:03 Scout Tower
20:05 Scout Tower
20:27 Guard Tower
20:50 Guard Tower
20:50 Guard Tower
20:51 Guard Tower
20:51 Guard Tower
20:52 Guard Tower
20:52 Guard Tower
20:52 Guard Tower
21:22 Guard Tower
21:22 Guard Tower
21:22 Guard Tower
21:34 Arcane Sanctum
21:39 Arcane Sanctum
23:19 Guard Tower
23:20 Guard Tower
24:25 Workshop
24:26 Workshop
24:27 Workshop
24:29 Workshop
25:41 Scout Tower
25:41 Scout Tower
25:42 Scout Tower
25:44 Scout Tower
25:44 Scout Tower
25:47 Scout Tower
25:47 Scout Tower
25:49 Scout Tower
25:49 Scout Tower
25:50 Scout Tower
25:51 Scout Tower
25:52 Scout Tower
25:54 Scout Tower
26:09 Guard Tower
26:10 Guard Tower
26:10 Guard Tower
26:10 Guard Tower
26:11 Guard Tower
26:12 Guard Tower
26:13 Guard Tower
26:13 Guard Tower
26:42 Guard Tower
26:42 Guard Tower
27:21 Guard Tower
27:21 Guard Tower
27:27 Scout Tower
27:28 Scout Tower
27:29 Scout Tower
27:30 Scout Tower
27:31 Scout Tower
28:03 Guard Tower
46:17 Town Hall
46:28 Scout Tower
46:30 Scout Tower
46:30 Scout Tower
46:32 Scout Tower
46:33 Scout Tower
» items
| Scroll of Regeneration | 9 | |
| Mechanical Critter | 3 | |
| Tome of Retraining | 1 | |
| Lesser Clarity Potion | 3 | |
| Scroll of Town Portal | 8 | |
| Staff of Sanctuary | 1 | |
| Orb of Fire | 1 | |
| Potion of Healing | 2 | |
28 total
GreenLikesBoys (
orange | 48 APM | 2226 actions | 46:33)
7 Mountain King
2 Storm Bolt
3 Bash
1 Thunder Clap
1 Avatar
» actions
| Basic commands | 2 | |
| Build / train | 122 | |
| Enter build submenu | 94 | |
| Enter hero's abilities submenu | 7 | |
| Give item / drop item | 3 | |
| Right click | 1348 | |
| Select / deselect | 509 | |
| Use ability | 140 | |
2226 total
» units
| Peasant | 28 | |
| Rifleman | 5 | |
| Gryphon Rider | 8 | |
| Dragonhawk Rider | 6 | |
| Mortar Team | 6 | |
53 total
» upgrades
| Masonry | 3 | |
| Swords | 3 | |
| Armor | 3 | |
| Storm Hammers | 1 | |
| Lumber Harvesting | 2 | |
| Cloud | 1 | |
| Fragmentation Shards | 1 | |
14 total
» buildings
| Farm | 13 | |
| Lumber Mill | 2 | |
| Altar of Kings | 1 | |
| Barracks | 1 | |
| Blacksmith | 1 | |
| Town Hall | 1 | |
| Scout Tower | 60 | |
| Keep | 2 | |
| Guard Tower | 28 | |
| Arcane Vault | 1 | |
| Castle | 1 | |
| Gryphon Aviary | 4 | |
| Workshop | 3 | |
118 total
» build order
00:50 Farm
01:08 Lumber Mill
01:17 Lumber Mill
01:27 Altar of Kings
01:35 Farm
01:52 Barracks
01:54 Blacksmith
02:17 Farm
03:02 Farm
03:40 Farm
04:47 Town Hall
05:01 Scout Tower
05:04 Scout Tower
05:20 Keep
05:45 Scout Tower
05:47 Scout Tower
05:49 Guard Tower
05:59 Arcane Vault
06:16 Scout Tower
06:18 Scout Tower
06:19 Guard Tower
06:31 Farm
07:01 Scout Tower
07:03 Scout Tower
07:04 Guard Tower
07:54 Scout Tower
07:56 Scout Tower
07:59 Guard Tower
08:03 Scout Tower
08:07 Farm
08:09 Castle
08:11 Gryphon Aviary
08:12 Gryphon Aviary
08:13 Gryphon Aviary
08:16 Gryphon Aviary
08:35 Scout Tower
08:36 Scout Tower
08:38 Guard Tower
08:43 Scout Tower
08:55 Farm
09:15 Scout Tower
09:17 Scout Tower
09:26 Guard Tower
09:42 Farm
10:03 Scout Tower
10:03 Scout Tower
10:06 Scout Tower
10:10 Guard Tower
10:29 Scout Tower
10:30 Scout Tower
10:32 Scout Tower
10:35 Scout Tower
10:36 Scout Tower
10:38 Scout Tower
10:38 Scout Tower
10:40 Guard Tower
10:44 Farm
11:02 Scout Tower
11:03 Scout Tower
11:09 Scout Tower
11:09 Scout Tower
11:11 Guard Tower
11:37 Guard Tower
11:39 Scout Tower
11:40 Scout Tower
11:41 Scout Tower
11:42 Scout Tower
11:45 Scout Tower
11:48 Guard Tower
11:54 Farm
12:15 Scout Tower
12:15 Scout Tower
12:16 Scout Tower
12:18 Scout Tower
12:21 Guard Tower
12:28 Guard Tower
12:28 Guard Tower
12:28 Guard Tower
12:28 Guard Tower
13:16 Scout Tower
13:18 Scout Tower
13:20 Scout Tower
13:21 Scout Tower
13:28 Guard Tower
14:17 Scout Tower
14:18 Scout Tower
14:19 Scout Tower
14:23 Scout Tower
14:24 Guard Tower
15:10 Guard Tower
15:36 Farm
16:16 Farm
17:28 Scout Tower
18:19 Scout Tower
18:27 Scout Tower
18:29 Scout Tower
18:35 Guard Tower
18:54 Guard Tower
18:59 Guard Tower
19:03 Scout Tower
19:05 Scout Tower
19:06 Scout Tower
19:12 Scout Tower
20:00 Scout Tower
20:02 Scout Tower
20:04 Scout Tower
20:05 Guard Tower
20:29 Scout Tower
20:35 Scout Tower
20:39 Guard Tower
20:47 Guard Tower
22:23 Workshop
22:23 Workshop
22:24 Workshop
22:44 Guard Tower
39:15 Keep
» items
| Scroll of Regeneration | 8 | |
| Potion of Healing | 1 | |
| Scroll of Town Portal | 4 | |
| Orb of Fire | 1 | |
| Staff of Teleportation | 1 | |
15 total
uck81 (
green | 40 APM | 1024 actions | 25:34)
5 Priestess of the Moon
3 Trueshot Aura
2 Searing Arrows
4 Keeper of the Grove
2 Entangling Roots
2 Thorns Aura
» actions
| Assign group hotkey | 43 | |
| Basic commands | 54 | |
| Build / train | 131 | |
| Enter build submenu | 30 | |
| Enter hero's abilities submenu | 9 | |
| Give item / drop item | 3 | |
| Remove unit from queue | 5 | |
| Right click | 149 | |
| Select / deselect | 252 | |
| Select group hotkey | 295 | |
| Use ability | 53 | |
1024 total
» units
| Wisp | 33 | |
| Archer | 47 | |
| Dryad | 19 | |
| Huntress | -1 | |
98 total
» upgrades
| Strength of the Moon | 3 | |
| Moon Armor | 4 | |
| Ultravision | 1 | |
| Improved Bows | 1 | |
| Abolish Magic | 1 | |
| Marksmanship | 1 | |
| Well Spring | 1 | |
| Nature's Blessing | 1 | |
13 total
» buildings
| Altar of Elders | 1 | |
| Moon Well | 8 | |
| Ancient of War | 2 | |
| Tree of Ages | 1 | |
| Hunter's Hall | 1 | |
| Ancient of Wonders | 1 | |
| Tree of Life | 1 | |
| Ancient of Lore | 1 | |
| Ancient Protector | 11 | |
| Tree of Eternity | 1 | |
| Ancient of Wind | 1 | |
29 total
» build order
00:07 Altar of Elders
00:26 Moon Well
00:40 Ancient of War
01:31 Moon Well
02:41 Tree of Ages
02:59 Moon Well
03:29 Hunter's Hall
04:36 Ancient of Wonders
04:41 Moon Well
07:09 Tree of Life
07:26 Ancient of War
07:30 Ancient of Lore
07:35 Moon Well
09:00 Moon Well
10:12 Moon Well
11:46 Ancient Protector
11:50 Ancient Protector
11:53 Ancient Protector
11:56 Ancient Protector
12:00 Ancient Protector
12:03 Ancient Protector
12:08 Ancient Protector
12:15 Ancient Protector
12:20 Ancient Protector
12:25 Ancient Protector
12:53 Tree of Eternity
13:20 Ancient Protector
13:41 Moon Well
18:40 Ancient of Wind
» items
| Scroll of Town Portal | 1 | |
| Moonstone | 1 | |
2 total

»
bigmamma (
teal | 23 APM | 196 actions | 08:33)
1 Death Knight
1 Death Coil
» actions
| Build / train | 12 | |
| Enter build submenu | 8 | |
| Enter hero's abilities submenu | 1 | |
| Remove unit from queue | 1 | |
| Right click | 85 | |
| Select / deselect | 65 | |
| Use ability | 24 | |
196 total
» units
| Acolyte | 3 | |
| Ghoul | 3 | |
| Crypt Fiend | 1 | |
7 total
» buildings
| Altar of Darkness | 1 | |
| Ziggurat | 3 | |
| Crypt | 1 | |
| Graveyard | 1 | |
| Nerubian Tower | 1 | |
| Tomb of Relics | 1 | |
| Halls of the Dead | 0 | |
8 total
» build order
00:14 Altar of Darkness
00:18 Ziggurat
00:50 Crypt
01:22 Graveyard
01:26 Nerubian Tower
01:56 Ziggurat
02:24 Tomb of Relics
02:54 Ziggurat
03:53 Halls of the Dead
» items
Chat log
(00:25 / All) GreenLikesBoys: ugh.. fag on my team
(00:49 / All) w8ing4game: do any of you play this with your friends?
(00:57 / All) GreenLikesBoys: nah
(00:59 / All) CutYouDown: I don't
(01:08 / All) w8ing4game: i cant tell you how many times my jack ass friend sits down, pisses people off, and then they think its me
(01:14 / All) bigmamma: my firneds dont know i play im a closet WCiii
(01:25 / All) w8ing4game: probably accounts for 50 percent of the shit i get into
(01:47 / All) bigmamma: that does happen alot
(02:09 / All) w8ing4game: i get like TKed and shit, and i m like W/e dude it wasnt me...
(02:16 / All) bigmamma: i stoped caring along time ago
(02:25 / All) w8ing4game: bros gettin all husky on wc3
(04:59 / Allies) TheDeadWeather: gold?
(07:54 / Allies) w8ing4game: gio after ghit
(07:59 / Allies) w8ing4game: fuck him
(08:29 / All) w8ing4game: first time teal?
(08:45 / All) TheDeadWeather: why;'d he leave
(08:51 / All) w8ing4game: my shit talk is relentless, thats why
(08:52 / All) CutYouDown: He said he had to go
(08:57 / All) TheDeadWeather: what a fag
(09:23 / All) GreenLikesBoys: happy turkey day all
(09:33 / All) TheDeadWeather: this is the turkey day massacre
(09:46 / All) TheDeadWeather: There will be rivers of blue, yellow and red blood
(11:04 / Allies) 1mba.: mid
(13:33 / Allies) w8ing4game: waiting for the big one blue?
(13:48 / Allies) agentknox666: maybe
(13:53 / Allies) agentknox666: just leave one unit and go
(13:55 / Allies) agentknox666: dont stay
(14:07 / All) CutYouDown: wtf where'd my zeppelin go
(14:17 / All) CutYouDown: did it fly out the map?
(14:29 / Allies) w8ing4game: b
(14:29 / Allies) w8ing4game: b
(14:29 / Allies) w8ing4game: b
(14:32 / All) CutYouDown: wtf
(14:43 / All) CutYouDown: and there it is
(14:46 / All) CutYouDown: but I couldn't select it
(15:11 / All) w8ing4game: oj you lost
(15:16 / All) w8ing4game: did you know that noob?
(15:20 / All) GreenLikesBoys: rofl
(15:23 / All) GreenLikesBoys: i can't wait
(15:30 / All) w8ing4game: do you even realize in a situation, when you got pig fucked?
(15:39 / All) w8ing4game: no ididnt mean the whole game, i meant right there
(15:43 / All) w8ing4game: first time noob?
(15:48 / All) GreenLikesBoys: yeha
(15:52 / All) w8ing4game: he kills ur hero, tps....
(15:53 / All) GreenLikesBoys: first game
(15:55 / All) w8ing4game: terrible
(16:01 / All) GreenLikesBoys: after i killed 7 bears
(16:02 / All) GreenLikesBoys: lol
(16:04 / All) w8ing4game: are you stupid
(16:32 / Allies) 1mba.: purple
(16:37 / Allies) 1mba.: we need hawk
(16:46 / All) CutYouDown: I thought I had a tp
(16:47 / Allies) 1mba.: with dispell towers and tank pls
(16:53 / All) CutYouDown: I'm playing rusty as shit lately
(16:53 / All) w8ing4game: you suck too retard
(16:55 / All) CutYouDown: ah well I have 10k
(17:03 / All) CutYouDown: I have 10,000 gold
(17:04 / All) 1mba.: lol
(17:07 / All) CutYouDown: That trade was still worth it I'd say
(17:10 / All) GreenLikesBoys: happy thanksgiving to you to yellow
(17:14 / All) w8ing4game: and you have no chance of winnning and a zshitty hero
(17:25 / All) CutYouDown: I probably never need to get more than heroes against you actually
(17:30 / All) 1mba.: noob mh bro i was like u when i d mh for the first time xD
(17:38 / All) 1mba.: new acc to use it
(17:45 / All) GreenLikesBoys: rofl
(17:51 / All) 1mba.: but u cant beat me with magic u knw
(17:53 / All) CutYouDown: Borous, I don't work with animals, translate
(17:57 / All) GreenLikesBoys: red
(18:00 / All) GreenLikesBoys: you will lose this game
(18:02 / All) GreenLikesBoys: i guarentee it
(18:11 / Allies) 1mba.: xDDD
(18:14 / All) CutYouDown: They always get so giddy when they get a lucky catch if I make a mistake
(18:16 / Allies) agentknox666: red exp
(18:17 / All) CutYouDown: I'm a very inconsistent player
(18:18 / Allies) agentknox666: expo
(18:20 / Allies) 1mba.: i see ur exe but i think u see our
(18:32 / Allies) 1mba.: PURPLE
(18:36 / Allies) 1mba.: I TLK TO U
(18:40 / Allies) 1mba.: MAKE HAWK TANK PLS
(18:43 / Allies) 1mba.: STOP GRIFF
(19:42 / Allies) w8ing4game: b
(19:46 / Allies) w8ing4game: ell im b
(20:04 / Allies) agentknox666: tp guys
(20:05 / Allies) agentknox666: now
(20:06 / Allies) agentknox666: all
(20:13 / Allies) w8ing4game: wyrm
(20:14 / Allies) w8ing4game: right here
(20:25 / Allies) w8ing4game: wyrm
(20:30 / Allies) w8ing4game: move your wyrm blue
(20:32 / Allies) w8ing4game: retard
(20:38 / Allies) w8ing4game: \7 food
(20:40 / Allies) w8ing4game: not being used
(21:02 / Allies) 1mba.: I TLK TO U PURPLS
(21:06 / Allies) TheDeadWeather: what
(21:10 / Allies) 1mba.: MAKE HAWK
(21:18 / Allies) 1mba.: WITH DISPELL TOWER OR LOOSE
(21:23 / Allies) TheDeadWeather: k
(21:26 / Allies) 1mba.: THEN STOP GRIFF
(21:27 / Allies) TheDeadWeather: wood
(21:28 / Allies) 1mba.: ty
(21:53 / Allies) 1mba.: send me gold bro
(21:55 / Allies) 1mba.: pls
(22:01 / Allies) 1mba.: send 2 k for me
(22:24 / All) CutYouDown: These are 2 heroes
(22:41 / Allies) 1mba.: PURPLE
(22:46 / Allies) 1mba.: i need u to beat oj
(22:50 / All) TheDeadWeather: omg I'm being nagged
(22:53 / All) TheDeadWeather: I didn't know I had a wife
(23:05 / All) TheDeadWeather: I'm tired from the turkey
(23:14 / All) TheDeadWeather: it's got a sedative you know
(23:17 / Allies) 1mba.: blue yellow go hit
(23:32 / Allies) 1mba.: i keep oj is hard pop air enough to fuck u all
(23:36 / All) TheDeadWeather: I tried tryptophan capsules once
(23:39 / All) TheDeadWeather: did not feel great
(24:52 / All) CutYouDown: Jesus
(24:56 / All) TheDeadWeather: by the skin of his teeth lawl
(24:59 / All) CutYouDown: lotta dryads
(25:57 / All) 1mba.: muahahahaha
(26:13 / All) 1mba.: do u kill bears ?
(26:21 / All) 1mba.: u re new with mh
(26:24 / All) 1mba.: im ur dad
(26:26 / All) GreenLikesBoys: lol
(26:27 / All) GreenLikesBoys: red
(26:33 / All) GreenLikesBoys: I haven't seen you do one thing
(26:35 / All) GreenLikesBoys: for your team
(26:44 / All) CutYouDown: Who's red?
(26:45 / All) 1mba.: i fuck u for my team XD
(26:48 / All) CutYouDown: Never noticed him in the game
(26:58 / All) 1mba.: cause u re strong with ur tools
(27:16 / All) w8ing4game: what a fag
(27:33 / All) w8ing4game: the objective is to win, not to be annoying
(27:35 / All) GreenLikesBoys: let me heal
(27:36 / All) GreenLikesBoys: brt
(27:43 / All) 1mba.: k
(27:53 / All) 1mba.: nice morts
(27:56 / All) 1mba.: xD
(28:13 / All) 1mba.: u ve hawk who can beat dry but u go morts baaaaad
(29:31 / Allies) agentknox666: purp stop
(29:34 / Allies) agentknox666: u think i cant see u
(29:55 / All) 1mba.: u re real fucker
(29:58 / All) CutYouDown: I told you
(30:00 / All) CutYouDown: Just heroes
(30:23 / All) 1mba.: baaaad
(30:27 / All) CutYouDown: I beat you with just heroes
(30:33 / Allies) 1mba.: u suxx motherfuckin unbrain
(30:57 / Allies) 1mba.: purple make hawk pls
(31:00 / Allies) 1mba.: and gyro
(31:09 / Allies) 1mba.: kill all peasants and buy shredder to cut wood
(31:21 / All) CutYouDown: fucking raped
(31:24 / All) w8ing4game: damn, no more wyrms
(31:31 / All) w8ing4game: except i can still make wyrms
(31:38 / All) w8ing4game: you did absolutely nothing
(31:46 / All) CutYouDown: good luck making wyrms with no gold pal
(31:50 / All) w8ing4game: the fact that you think you did something shows how stupid you are
(31:56 / All) w8ing4game: i ahve your team mates expo faggot
(32:00 / All) CutYouDown: No you don't
(32:07 / All) w8ing4game: uhh yea i do
(32:10 / All) CutYouDown: I revealed
(32:14 / All) w8ing4game: and blue has the other one
(32:32 / Allies) 1mba.: fuckin noob we cant win motherfucker tard
(32:42 / Allies) 1mba.: u ve not good units to kill em
(32:43 / Allies) w8ing4game: why?
(32:52 / Allies) 1mba.: mass tower ad mass exe they ve
(32:57 / Allies) 1mba.: fuck fuckin slut
(33:06 / All) CutYouDown: Nice mine
(33:10 / Allies) 1mba.: they mh too
(33:33 / Allies) 1mba.: this gay suck hard
(33:39 / Allies) 1mba.: get fuck out purple i ctrl u
(33:46 / Allies) 1mba.: xDDDD
(33:48 / Allies) TheDeadWeather: but then I lose
(33:49 / Allies) 1mba.: nervous
(33:50 / All) w8ing4game: oh, well we have a team mate with 20 k gold
(33:53 / All) w8ing4game: peace
(33:55 / All) CutYouDown: I have 30k
(33:59 / All) GreenLikesBoys: rofl
(34:00 / All) CutYouDown: beat you with just heroes
(34:01 / All) GreenLikesBoys: bye
(34:11 / All) 1mba.: purple shit oj lucker fucker
(34:13 / All) TheDeadWeather: nice nuke blue lol
(34:20 / All) GreenLikesBoys: red
(34:22 / All) GreenLikesBoys: leave
(34:24 / All) GreenLikesBoys: alt qq
(34:30 / All) 1mba.: fuck u bastard
(34:43 / All) 1mba.: last chance
(34:49 / All) 1mba.: i will drop tht game
(35:13 / Allies) 1mba.: make SLEEP WITH DL BLUE
(35:15 / Allies) 1mba.: NXTIME
(35:20 / Allies) 1mba.: when he tp
(35:22 / Allies) agentknox666: ill get on that
(35:51 / Allies) 1mba.: LOL PINK
(36:07 / All) CutYouDown: magic immune lawl
(36:07 / Allies) 1mba.: dush here
(36:08 / Allies) 1mba.: blue
(36:16 / Allies) 1mba.: dust
(36:23 / Allies) 1mba.: god
(36:29 / Allies) 1mba.: trash unbrain mates
(36:31 / Allies) 1mba.: xD
(36:35 / Allies) 1mba.: how old ? :)
(36:56 / Allies) 1mba.: fuckin shit purple is a friend of them
(37:02 / Allies) 1mba.: he whisp em
(37:35 / All) 1mba.: lol i stopped to play for a mnt
(38:41 / All) 1mba.: how much gold have u
(38:46 / All) CutYouDown: 25k
(38:50 / All) 1mba.: and oj ?
(39:00 / All) GreenLikesBoys: i need like 5k plz :)
(39:07 / All) 1mba.: XD
(39:27 / Allies) 1mba.: blue
(39:37 / Allies) 1mba.: u need anti tower to kill gold mine base
(39:44 / Allies) 1mba.: or his first main
(40:08 / All) TheDeadWeather: good one lol
(40:52 / Allies) 1mba.: like tht
(40:52 / All) agentknox666: really purp?
(40:56 / Allies) 1mba.: tht wht u need
(40:57 / All) agentknox666: ur fucking worse than my wife
(41:00 / All) agentknox666: dumb bitch
(41:04 / All) GreenLikesBoys: wife?
(41:21 / All) agentknox666: u dont do shit all game and then tk
(41:29 / All) agentknox666: that make u feel good
(41:30 / Allies) agentknox666: ??
(41:33 / Allies) 1mba.: he has no life and make the pro for tk u
(41:36 / All) agentknox666: sleep better at night
(41:51 / Allies) 1mba.: he s noob and corrompt
(41:53 / All) agentknox666: no response>?
(41:56 / All) agentknox666: virgin?
(41:59 / All) GreenLikesBoys: lol
(42:02 / All) GreenLikesBoys: YOU MAD BRO?
(42:08 / All) agentknox666: oj fuck off
(42:14 / All) agentknox666: i kicked ur ass all around this map
(42:18 / All) agentknox666: u mad bro?
(42:23 / All) GreenLikesBoys: nah
(42:24 / All) GreenLikesBoys: i win
(42:25 / All) GreenLikesBoys: you lsoe
(42:27 / All) GreenLikesBoys: :)
(42:29 / All) agentknox666: then fuck off
(42:34 / All) agentknox666: i dont give a shit what u thnk
(42:40 / All) GreenLikesBoys: nor do i
(42:46 / All) agentknox666: why ask me if im mad?
(42:50 / All) agentknox666: mind ur fucking business
(42:51 / All) GreenLikesBoys: so take your skank hooker wife and get out of here
(42:56 / All) agentknox666: that time of the month?
(43:01 / All) agentknox666: u mad bro?
(43:04 / All) agentknox666: seems like it
(43:05 / All) GreenLikesBoys: jesus are you like 7
(43:10 / All) GreenLikesBoys: trolololol
(43:31 / All) GreenLikesBoys: you hsould hit alt qq
(43:38 / Allies) 1mba.: purple fuckin shit save replay and learn how to play human sucker and eat their cum fucker
(44:04 / All) agentknox666: all 3 of u couldnt win normally
(44:07 / Allies) TheDeadWeather: Watch the replay and watch how I played masterfully?
(44:08 / All) agentknox666: pretty lame
(44:13 / All) GreenLikesBoys: just beat you
(44:16 / All) GreenLikesBoys: all 3 of us
(44:31 / Allies) 1mba.: u re a shit tht all u dnt knw make hawk like them go learn it..
(44:34 / All) GreenLikesBoys: fiends in the middle
(44:35 / All) GreenLikesBoys: Bro
(44:59 / All) 1mba.: XDD purple virgin frustrated
(45:04 / All) GreenLikesBoys: LOL
(45:05 / All) 1mba.: fuckin sale pearson
(45:11 / All) CutYouDown: pearson
(45:21 / All) 1mba.: he think to have ur respect to stay alive
(45:37 / All) 1mba.: he just want to suck u for AT after u will see
(45:39 / Allies) 1mba.: X
(45:40 / All) 1mba.: XDDDDD
(45:47 / All) GreenLikesBoys: 28-38 /w blue that
(45:54 / All) 1mba.: fuckin slut purple best whore shit of this game
(46:04 / All) 1mba.: XDDD
(46:09 / All) TheDeadWeather: good one
(46:13 / All) TheDeadWeather: we all laughed
(46:14 / All) 1mba.: tell it to purple he doing it
(46:24 / All) TheDeadWeather: lawl
(46:27 / All) TheDeadWeather: my team lose